 Dungeon Crawl Stone Soup version 0.28.0-53-g5a82cb258f (webtiles) character file.

Game seed: 15334474391148257119

25 Jerry the Chucker (level 2, 0/42 HPs)
             Began as a Troll Hunter on June 22, 2022.
             Succumbed to an adder's poison
             ... on level 2 of the Dungeon.
             The game lasted 00:03:22 (646 turns).

Jerry the Chucker (Troll Hunter)                     Turns: 646, Time: 00:03:23

Health: 0/42       AC: 21    Str: 19    XL:     2   Next: 82%
Magic:  1/1        EV:  1    Int:  7    God:
Gold:   63         SH:  0    Dex: 10    Spells: 1/1 levels left

rFire   + . .      SeeInvis .   m - +2 short sword (elec)
rCold   . . .      Faith    .   (no shield)
rNeg    . . .      Spirit   .   (armour currently unavailable)
rPois   +          Reflect  .   (helmet currently unavailable)
rElec   .          Harm     .   (cloak currently unavailable)
rCorr   .          Rampage  .   (gloves unavailable)
Will    +....      NoTele   +   (boots unavailable)
Stlth   +.........              (no amulet)
HPRegen 0.94/turn               f - ring of protection from fire
MPRegen 0.07/turn               h - ring of willpower

@: brilliant, lethally poisoned (0 -> -2), tree-form
A: stationary, stasis, torment immunity, boosted hp, large, unfitting armour,
(claws 3), regeneration 1, (shaggy fur 1), (tough skin 1)
a: no special abilities


You were on level 2 of the Dungeon.
You were a tree.
You visited 1 branch of the dungeon, and saw 2 of its levels.

You collected 63 gold pieces.

Inventory:

Hand Weapons
 m - a +2 short sword of electrocution (weapon)
Missiles
 c - 5 large rocks (quivered)
 d - 2 throwing nets
Armour
 k - a +0 robe of cold resistance (melded)
Jewellery
 a - a +4 ring of protection
 f - a ring of protection from fire (left branch)
 h - a ring of willpower (right branch)
 j - a +6 ring of dexterity
 l - a ring of flight
Scrolls
 e - a scroll of identify {unknown}
 i - a scroll of magic mapping {unknown}
 o - a scroll of vulnerability {unknown}
Potions
 n - a potion of cancellation {unknown}


   Skills:
 + Level 2.0 Fighting
 + Level 3.9 Throwing
 + Level 2.0 Dodging
 - Level 0.3 Stealth


You had one spell level left.
You didn't know any spells.
Your spell library was empty.

Dungeon Overview and Level Annotations

Branches:
Dungeon (2/15)

Altars:

Shops:
D:1 (


Innate Abilities, Weirdness & Mutations

You are a tree.
Your roots penetrate the ground, keeping you stationary.
You cannot be teleported.
You are immune to unholy pain and torment.
Your maximum health is greatly increased.
Your equipment is partially melded.
You are too large for most types of armour.
((You have claws for hands.))
Your natural rate of healing is unusually fast.
((You are covered in fur. (AC +1)))
((You have tough skin. (AC +1)))


Message History

You are more poisoned.
The adder poisons you!
You hit the adder.
The adder is almost dead.
You feel very sick. The endoplasm freezes you.
You are frozen.
You resist. The adder barely misses you.
The endoplasm hits you but does no damage.
You closely miss the adder.
The adder is almost dead.
You feel very sick. The adder barely misses you. The adder closely misses you.
The endoplasm barely misses you.
You miss the adder.
The adder is almost dead.
You feel sick. The adder barely misses you. The endoplasm misses you.
You miss the adder.
The adder is almost dead.
You feel sick. The adder bites you. The endoplasm hits you.
* * * LOW HITPOINT WARNING * * *
The adder bites you.
* * * LOW HITPOINT WARNING * * *
You closely miss the adder.
The adder is almost dead.
You feel sick. The adder bites you.
* * * LOW HITPOINT WARNING * * *
You are lethally poisoned!
The adder poisons you! The endoplasm freezes you.
You are frozen.
You resist.
* * * LOW HITPOINT WARNING * * *
It was a potion of lignification.
You turn into a tree.
Your +0 robe of cold resistance melds into your body.
You feel less resistant to cold.
Your roots penetrate the ground.
* * * LOW HITPOINT WARNING * * *
You feel sick. The adder bites you but does no damage. The endoplasm hits you.
* * * LOW HITPOINT WARNING * * *
It was a potion of brilliance.
You feel clever all of a sudden.
You die...

###.#.......
.........##...........
.........##.#.........
.....>...##.#..........#
.....<.................#
.........##............#
#...........#.........##
##.(.....##..............
........♣S..##.........#
#.......J#####.........#
..#......# #.........#
#......# ##...<.<.##
#......# ##.....##
#......# ####### ########


You could see an adder and an endoplasm.

Vanquished Creatures
  A dart slug (D:1)
  2 bats (D:1)
  3 endoplasms (D:1)
  2 giant cockroaches (D:1)
  4 goblins (D:1)
  A hobgoblin (D:1)
  2 quokkas (D:1)
  3 frilled lizards (D:1)
  A rat (D:1)
19 creatures vanquished.

Notes
Turn   | Place    | Note
-------+----------+-------------------------------------------
     0 | D:1      | Jerry the Troll Hunter began the quest for the Orb.
     0 | D:1      | Reached XP level 1. HP: 19/19 MP: 0/0
   168 | D:1      | Reached XP level 2. HP: 20/28 MP: 1/1
   445 | D:1      | Found Enwupt's Weapon Boutique.
   645 | D:2      | HP: 2/42 [endoplasm (2)]
   646 | D:2      | Succumbed to an adder's poison

Illustrated notes

Levels and vault maps discovered:
D:1:      eino_arrival_druids_welcome, layout_basic, serial_shops,
          nicolae_shop_bloodbath_and_beyond, corexii_item_surrounded_by_moat,
          wander_ebering_terrifying_dragon_lair
D:2:      layout_rooms, uniq_sigmund

Skill      XL: |  1  2 |
---------------+-------+-----
Dodging        | 2 |  2.0
Fighting       | 2 |  2.0
Throwing       | |  3.9
Stealth        | |  0.3

Action                   || total
-------------------------++-------
Melee: Short sword       ||    58
       Punch             ||     2
       Unarmed           ||    22
  Use: Potion            ||     2
Armor: Robe              ||    39
       Skin              ||     1
Dodge: Dodged            ||    58
